 Dungeon Crawl Stone Soup version 0.31-a0-232-gb1c03b2570 (webtiles) character file.

Game seed: 11425086426536033498

42 qw the Shooter (level 3, 0/29 HPs)
             Began as a Minotaur Hexslinger on July 6, 2023.
             Killed by divine providence
             ... invoked by an orc priest
              (11 damage)
             ... on level 2 of the Dungeon.
             The game lasted 00:00:22 (998 turns).

qw the Shooter (Minotaur Hexslinger)                 Turns: 998, Time: 00:00:23

Health: 0/29       AC:  4    Str: 12    XL:     3   Next: 33%
Magic:  3/3        EV: 12    Int: 10    God:
Gold:   66         SH:  0    Dex: 14    Spells: 3/4 levels left

rFire   . . .        Y - +2 sling
rCold   . . .        (no shield)
rNeg    . . .        g - +0 leather armour
rPois   .            (helmet restricted)
rElec   .            e - +0 cloak
rCorr   .            (no gloves)
SInv    .            (no boots)
Will    .....        (no amulet)
Stlth   +            (no ring)
HPRegen 0.24/turn    (no ring)
MPRegen 0.08/turn

%: no passive effects
@: no status effects
A: horns 2, retaliatory headbutt
a: no special abilities


You were on level 2 of the Dungeon.
You visited 1 branch of the dungeon, and saw 2 of its levels.

You collected 66 gold pieces.


Innate Abilities, Weirdness & Mutations

You have a pair of horns on your head.
You reflexively headbutt those who attack you in melee.


   Skills:
 - Level 2.0 Fighting
 + Level 3.9 Ranged Weapons
 - Level 2.1 Dodging
 - Level 1.0 Spellcasting
 - Level 2.0 Hexes


You had 3 spell levels left.
You knew the following spells:

 Your Spells              Type           Power      Damage    Failure   Level
a - Slow                  Hex            16%        N/A       19%         1

Your spell library contained the following spells:

 Spells                   Type           Power      Damage    Failure   Level
 Inner Flame              Hex/Fire       2%         N/A       65%         3
 Portal Projectile        Hex/Tloc       4%         N/A       65%         3
 Cause Fear               Hex            2%         N/A       88%         4

Inventory:

Hand Weapons
 Y - a +2 sling (weapon)
Armour
 e - a +0 cloak (worn)
 g - a +0 leather armour (worn)
Scrolls
 a - a scroll of revelation {unknown}
 b - a scroll of enchant armour {unknown}
Potions
 i - 3 potions of haste {unknown}
 k - a potion of curing {unknown}

Dungeon Overview and Level Annotations

Branches:
Dungeon (2/15)

Altars:


Message History

An orc priest comes into view. It is wielding a +0 dagger.
Found a leather armour.
Enter note:
Enter note:
Enter note: You shoot a sling bullet.
The sling bullet hits the orc priest.
The orc priest shouts!
The orc priest is heavily wounded.
You hear a shout!
An orc comes into view. It is wielding a +0 club.
An orc comes into view. It is wielding a +0 dagger.
An orc comes into view. It is wielding a +0 trident.
The orc moves out of view.
You shoot a sling bullet. The orc shouts!
The sling bullet hits the orc priest.
The orc priest is heavily wounded.
You hear a shout!
An orc priest comes into view. It is wielding a +0 club.
The orc priest casts a cantrip, but nothing happens.
You shoot a sling bullet.
The sling bullet barely misses the orc priest.
The orc shouts!
The orc priest calls down the wrath of Beogh upon you.
Beogh smites you!
Ouch! That really hurt!
You shoot a sling bullet.
The sling bullet closely misses the orc priest.
The sling bullet hits the orc.
The orc is heavily wounded.
The orc priest calls upon Beogh to heal the orc.
The orc's wounds heal themselves!
You shoot a sling bullet. The sling bullet hits the orc priest.
The orc priest is almost dead.
You shoot a sling bullet.
The sling bullet barely misses the orc priest.
The orc hits you with a +0 club.
The orc priest calls down the wrath of Beogh upon you.
Beogh smites you!
You die...

##.#.# ....[.. #..#.#
...... #####.##.#
o.... #........#
##...# #####.####
#8.o.8 #.# #.o.#
##.######## #.oo#
####..........
##..@###....#########
#8...8#..####
##..)##.## #......#
########


You could see 2 orc priests and 3 orcs.

Vanquished Creatures
  3 dart slugs (D:1)
  4 endoplasms (D:1)
  A giant cockroach (D:1)
  4 goblins
  6 hobgoblins (D:1)
  A quokka (D:2)
  2 ball pythons
  2 bats (D:1)
  A frilled lizard (D:1)
  5 kobolds
  3 rats
32 creatures vanquished.

Notes
Turn   | Place    | Note
-------+----------+-------------------------------------------
     0 | D:1      | qw the Minotaur Hexslinger began the quest for the Orb.
     0 | D:1      | Reached XP level 1. HP: 16/16 MP: 1/1
     0 | D:1      | 0 ||| qw: Version: 0.3-a-46-gb1f654a
     0 | D:1      | 0 ||| qw: Game counter: 2077
     0 | D:1      | 0 ||| qw: Melee chars always use a shield: true
     0 | D:1      | 0 ||| qw: God list: Okawaru
     0 | D:1      | 0 ||| qw: Allow faded altars: false
     0 | D:1      | 0 ||| qw: Do Orc after clearing Dungeon:15 true
     0 | D:1      | 0 ||| qw: Do second Lair branch before Depths: true
     0 | D:1      | 0 ||| qw: Lair rune preference: random
     0 | D:1      | 0 ||| qw: Goals: Normal
     0 | D:1      | 0 ||| PLANNING D:1-11
   189 | D:1      | Reached skill level 3 in Ranged Weapons
   212 | D:1      | Reached XP level 2. HP: 23/23 MP: 2/2
   265 | D:1      | 265 ||| Stepping ~*~*~tactically~*~*~ (outnumbered).
   286 | D:1      | 286 ||| FLEEEEING.
   287 | D:1      | 287 ||| FLEEEEING.
   288 | D:1      | 288 ||| FLEEEEING.
   289 | D:1      | 289 ||| FLEEEEING.
   290 | D:1      | 290 ||| FLEEEEING.
   294 | D:1      | 294 ||| FLEEEEING.
   295 | D:1      | 295 ||| FLEEEEING.
   633 | D:1      | Reached XP level 3. HP: 29/29 MP: 3/3
   733 | D:1      | 733 ||| UPGRADING to +0 cloak.
   738 | D:1      | 738 ||| UPGRADING to +0 leather armour.
   748 | D:1      | 748 ||| DROPPING +0 robe.
   749 | D:1      | 749 ||| READING scroll labelled DAZERU TUMPEEF.
   750 | D:1      | 750 ||| READING 2 scrolls labelled FAW YTUWKIT.
   751 | D:1      | 751 ||| READING scroll labelled IGEMAY ZENLUDGHE.
   752 | D:1      | 752 ||| DRINKING 2 bubbling amethyst potions.
   794 | D:1      | 794 ||| DROPPING scroll of poison.
   795 | D:1      | 795 ||| DROPPING potion of lignification.
   796 | D:1      | 796 ||| DROPPING scroll of noise.
   998 | D:2      | Killed from afar by an orc priest

Levels and vault maps discovered:
D:1:      minmay_arrival_loop, layout_basic, roderic_serpentine_path,
          minmay_3d_cube
D:2:      layout_basic, chequers_hall_statues_y

Skill      XL: |  1  2 |
---------------+-------+-----
Ranged Weapons | 3 |  3.9
Fighting       | 2 |  2.0
Dodging        | |  2.1
Spellcasting   | |  1.0
Hexes          | |  2.0

Action                     || total
---------------------------++-------
   Fire: Sling             ||    71
    Use: Scroll            ||     3
         Potion            ||     1
 Armour: Robe              ||     3
  Dodge: Dodged            ||     6

Table legend:
 A = Non-vault XP
 B = Vault XP
 C = Vault XP percentage of total XP
 D = Non-vault monster count
 E = Vault monster count
 F = Vault count percentage of total count
                 A         B        C        D         E       F
            +---------+---------+-------+---------+---------+-------
      Total |      56 |       4 |   6.7 |      30 |       2 |   6.2
            +---------+---------+-------+---------+---------+-------
        D:1 |      44 |       4 |   8.3 |      22 |       2 |   8.3
        D:2 |      12 |       0 |   0.0 |       8 |       0 |   0.0
            +---------+---------+-------+---------+---------+-------
